 Dungeon Crawl Stone Soup version 0.29.0-5-ge4962eb29e (webtiles) character file.

Game seed: 11207573560732119320

5016 Zeldest the Spear-Bearer (level 10, -12/74 HPs)
             Began as a Mummy Chaos Knight on Aug 30, 2022.
             Was a Priest of Hepliaklqana.
             Mangled by an eight-headed hydra (13 damage)
             ... on level 9 of the Dungeon.
             The game lasted 00:12:25 (8458 turns).

Zeldest the Spear-Bearer (Mummy Chaos Knight)       Turns: 8458, Time: 00:12:26

Health: -12/74     AC: 10    Str: 19    XL:     10   Next: 30%
Magic:  10/10      EV:  9    Int: 11    God:    Hepliaklqana [***...]
Gold:   447        SH:  0    Dex: 13    Spells: 9/9 levels left

rFire   . . .      SeeInvis .   a - +6 shillelagh "Devastator" {shatter}
rCold   + . .      Faith    +   (no shield)
rNeg    + + +      Spirit   .   g - +3 scale mail {Will+}
rPois   ∞          Reflect  .   (no helmet)
rElec   .          Harm     .   v - +0 cloak
rCorr   +          Rampage  .   (no gloves)
Will    ++...                   (no boots)
Stlth   ..........              k - amulet of faith
HPRegen 0.22/turn               f - ring of resist corrosion
MPRegen 0.12/turn               p - ring of protection from fire

@: studying Polearms
A: reduced essence, cold resistance 1, negative energy resistance 3, torment
resistance 2, heat vulnerability 1, in touch with death 1, no potions
a: Renounce Religion, Recall Ancestor, Ancestor Identity, Transference


You were on level 9 of the Dungeon.
You worshipped Hepliaklqana.
Hepliaklqana was most pleased with you.
You visited 2 branches of the dungeon, and saw 11 of its levels.

You collected 447 gold pieces.

Inventory:

Hand Weapons
 a - the +6 shillelagh "Devastator" (weapon) {shatter}
   (You found it on level 4 of the Dungeon)

   It releases a powerful concussive burst when it strikes, dealing extra damage
   to the target and all other foes adjacent to them.
 r - a +2 flail of protection
Armour
 g - a +3 scale mail of willpower (worn)
 o - the +0 pair of boots of Reimbursement {rElec rPois rC-}
   (Xom gifted it to you on level 4 of the Dungeon)

   rC:        It makes you vulnerable to cold.
   rElec:     It insulates you from electricity.
   rPois:     It protects you from poison.
 v - a +0 cloak (worn)
Jewellery
 f - a ring of resist corrosion (left hand)
 k - an amulet of faith (around neck)
 n - a ring of wizardry
 p - a ring of protection from fire (right hand)
Wands
 d - a wand of polymorph (14)
 w - a wand of digging (15)
 x - a wand of flame (29)
 y - a wand of charming (9)
Scrolls
 b - 4 scrolls of vulnerability
 e - 2 scrolls of butterflies
 i - 2 scrolls of amnesia
 l - 3 scrolls of enchant weapon
 m - 3 scrolls of teleportation
 q - a scroll of enchant armour
 s - 2 scrolls of identify
 t - a scroll of fear
 u - a scroll of silence
 z - a scroll of brand weapon
Miscellaneous
 c - a piece from Xom's chessboard (15/15) (quivered)


   Skills:
 + Level 9.6 Fighting
 - Level 7.8(10.2) Axes
 * Level 10.2(11.3) Polearms
 - Level 1.5 Armour
 - Level 0.7 Dodging


You had 9 spell levels left.
You didn't know any spells.
Your spell library contained the following spells:

 Spells                   Type           Power      Damage    Failure   Level
 Necrotise                Necr           0%         1d4       73%         1
 Sandblast                Erth           0%         2d4       73%         1
 Passwall                 Tmut/Erth      0%         N/A       86%         2
 Stone Arrow              Conj/Erth      0%         3d7       97%         3
 Vampiric Draining        Necr           0%         2d6       97%         3
 Olgreb's Toxic Radiance  Pois           0%         N/A       100%        4
 Agony                    Necr           0%         N/A       100%        5
 Ozocubu's Refrigeration  Ice            0%         4d7       100%        7
 Ignition                 Fire           0%         3d3       100%        8


Dungeon Overview and Level Annotations

Branches:
Dungeon (10/15)            Temple (1/1) D:4            Lair (0/5) D:8
    Orc: D:9-12

Altars:
Ashenzari
Cheibriados
Dithmenos
Fedhas
Gozag
Hepliaklqana
Kikubaaqudgha
Makhleb
Nemelex Xobeh
Okawaru
Qazlal
Ru
Sif Muna
Trog
Uskayaw
Vehumet
Wu Jian
Xom
Yredelemnul

Annotations:
D:4 exclusion: door
D:9 2 transporters, Villanelle's ghost, novice SpFE
D:10 Nergalle


Innate Abilities, Weirdness & Mutations

Your life essence is reduced to manifest your ancestor. (-10% HP)
You are immune to poison.
Your flesh is cold resistant. (rC+)
You are immune to negative energy. (rN+++)
You are immune to unholy pain and torment.
You are vulnerable to heat. (rF-)
You are in touch with the powers of death.
You do not drink.


Message History

The spectral orc knight hits your wyvern with a +1 battleaxe.
The spectral orc knight barely misses your two-headed ogre.
Your two-headed ogre completely misses the spectral orc knight.
Your two-headed ogre hits the spectral orc knight with a +0 giant club!
The spectral orc knight is destroyed!
The spectral orc knight disappears in a puff of smoke!
Your wyvern bites the spectral orc!
The spectral orc is destroyed!
The spectral orc disappears in a puff of smoke!
Something hits Septimus.
The spectral orc warrior barely misses your wyvern.
Septimus hits the spectral orc warrior with a +0 quarterstaff!
Septimus points at the spectral orc warrior and mumbles some strange words.
The stone arrow hits the spectral orc warrior!!
The spectral orc warrior is destroyed!
The spectral orc warrior disappears in a puff of smoke!
Your wyvern completely misses the spectral orc warrior.
Your wyvern bites the spectral orc warrior!
Your wyvern barely misses the spectral orc warrior.
Your wyvern bites the spectral orc warrior but does no damage.
Your wyvern bites the spectral orc warrior!
The spectral orc warrior is destroyed!
The spectral orc warrior disappears in a puff of smoke!
You start resting.
Septimus is surrounded by Orcish apparitions.
A spectral orc warrior comes into view.
It is wielding a +2 dire flail of protection.
Your wyvern dissolves into shadows!
Your two-headed ogre dissolves into shadows!
There is a stone staircase leading up here.
You climb upwards.
Level annotation: 2 transporters, Villanelle's ghost, novice SpFE The killer bee barely misses you.
The killer bee stings you but does no damage.
The eight-headed hydra bites you!
* * * LOW HITPOINT WARNING * * *
The eight-headed hydra bites you.
* * * LOW HITPOINT WARNING * * *
The eight-headed hydra barely misses you.
The eight-headed hydra bites you!
You die...

..# #.# . #.# .. #.# .♣.
#.. .... #.# . #
..._.##D###### .###.
.......@.....# #.#.#
...####y####.# #).)# #[#
#.#)## #Y# #.)).##
##.####.##
#.....#########Y........
..........YD..........##
#....!#####.###.#######
##...######.###.#


You could see an eight-headed hydra, 2 yaks and a killer bee.

Vanquished Creatures
  An elephant (D:8)
  A yak (D:9)
  A basilisk (D:8)
  2 water moccasins
  2 orc warriors
  A black bear (D:8)
  4 ice beasts
  An ogre (D:6)
  A centaur (D:5)
  2 phantoms
  A kobold brigand (D:8)
  A bullfrog (D:9)
  3 scorpions
  A water moccasin zombie (D:5)
  8 wights
  9 killer bees
  An electric eel (D:6)
  A bullfrog zombie (D:5)
  An orc priest (D:8)
  A gnoll bouda (D:8)
  2 hounds
  Crazy Yiuf (D:5)
  3 iguanas
  6 orc wizards
  A scorpion zombie (D:5)
  A hound zombie (D:5)
  14 gnolls
  6 adders
  2 shadow imps
  A worm (D:3)
  4 dart slugs
  11 orcs
  9 ball pythons
  2 endoplasms (D:2)
  3 giant cockroaches
  5 goblins
  11 hobgoblins
  2 jackals (D:2)
  10 kobolds
  3 quokkas
  5 bats
  2 frilled lizards (D:1)
  2 goblin skeletons (D:5)
  A goblin zombie (D:5)
  3 hobgoblin zombies (D:5)
  A kobold zombie (D:5)
  2 orc skeletons (D:5)
  2 orc zombies (D:5)
  9 rats
167 creatures vanquished.

Vanquished Creatures (collateral kills)
  A hornet (D:9)
  A wyvern (D:8)
  A steam dragon (D:8)
  2 acid dragons
  A water moccasin (D:8)
  An orc warrior (D:9)
  2 wights (D:9)
  3 killer bees
  A bullfrog zombie (D:5)
  An orc priest (D:9)
  4 gnolls
  5 orcs
  A kobold (D:8)
24 creatures vanquished.

Vanquished Creatures (others)
  2 killer bees (D:10)
  3 battlemagi
  An ancestor (D:5)
  7 fungi (D:5)
  A plant (D:6)
14 creatures vanquished.

Grand Total: 205 creatures vanquished

Notes
Turn   | Place    | Note
-------+----------+-------------------------------------------
     0 | D:1      | Zeldest the Mummy Chaos Knight began the quest for the Orb.
     0 | D:1      | Reached XP level 1. HP: 18/18 MP: 1/1
   169 | D:1      | XOM: butterfly on damage
   171 | D:1      | Reached XP level 2. HP: 17/24 MP: 2/2
   292 | D:1      | Found a faded altar of an unknown god.
   394 | D:1      | XOM: scenery: create altars
   517 | D:1      | XOM: god gift: plate armour {god gift}
   657 | D:2      | Gained mutation: You are in touch with the powers of death.
                  | [Mummy growth]
   657 | D:2      | Reached XP level 3. HP: 23/29 MP: 3/3
   907 | D:2      | XOM: 1-stop teleportation journey
   969 | D:2      | XOM: butterfly on damage
  1423 | D:3      | Reached XP level 4. HP: 36/37 MP: 4/4
  1707 | D:3      | XOM: divination: detect items
  1768 | D:3      | XOM: 7-stop teleportation journey
  2101 | D:3      | XOM: god gift: book of Necromancy
  2107 | D:3      | XOM: scenery: 1 doors open, 1 doors close
  2131 | D:3      | XOM: polymorph frilled lizard -> orc
  2274 | D:3      | XOM: god gift: scroll labelled XUISKI CARGHAACW {god gift}
  2354 | D:4      | Identified the +0 pair of boots of Reimbursement {rElec
                  | rPois rC-} (Xom gifted it to you on level 4 of the Dungeon)
  2354 | D:4      | XOM: god gift: +0 pair of boots of Reimbursement {rElec
                  | rPois rC-}
  2393 | D:4      | Reached XP level 5. HP: 39/42 MP: 5/5
  2398 | D:4      | XOM: butterfly on damage
  2400 | D:4      | HP: 2/42 [gnoll/+0 club (6)]
  2408 | D:4      | XOM: enchant monster (good)
  2449 | D:4      | XOM: 2-stop teleportation journey
  2637 | D:3      | XOM: scenery: summon butterflies
  2765 | D:4      | Found a shimmering blue altar of Sif Muna.
  2777 | D:4      | XOM: scenery: create altars
  3103 | D:4      | Found a staircase to the Ecumenical Temple.
  3107 | D:4      | Found the +6 shillelagh "Devastator" {shatter}
  3122 | Temple   | Entered the Ecumenical Temple
  3192 | Temple   | Fell from the grace of Xom
  3192 | Temple   | Became a worshipper of Hepliaklqana the Forgotten
  3258 | D:5      | Entered Level 5 of the Dungeon
  3290 | D:5      | Noticed Sigmund
  3360 | D:6      | Reached XP level 6. HP: 40/49 MP: 6/6
  3515 | D:6      | Noticed Edmund
  3783 | D:6      | Noticed Edmund
  3783 | D:6      | Edmund changed into Edmund the ice beast
  3788 | D:6      | Killed Edmund the ice beast
  3789 | D:6      | Reached skill level 5 in Axes
  3881 | D:6      | Reached skill level 5 in Fighting
  3903 | D:6      | Noticed an ice beast
  3908 | D:6      | Killed an ice beast
  3909 | D:6      | Reached XP level 7. HP: 54/56 MP: 7/7
  3972 | D:6      | Found a shimmering altar of Xom.
  3974 | D:6      | Found a bloodstained altar of Trog.
  3974 | D:6      | Found a burning altar of Makhleb.
  3976 | D:6      | Found a hazy altar of Hepliaklqana.
  3976 | D:6      | Found an ancient bone altar of Kikubaaqudgha.
  3976 | D:6      | Reached * piety under Hepliaklqana
  3976 | D:6      | Found a shadowy altar of Dithmenos.
  4220 | D:6      | XOM: stat loss: -1 Int (10/11)
  4612 | D:7      | Reached XP level 8. HP: 57/57 MP: 8/8
  4717 | D:5      | Found a basalt altar of Yredelemnul.
  5109 | D:5      | XOM: summons 9 hostile demons
  5139 | D:5      | Noticed Sigmund
  5144 | D:5      | Killed Sigmund the gnoll
  5469 | D:5      | Found a runed translucent door.
  5470 | D:5      | Noticed Crazy Yiuf
  5473 | D:5      | XOM: blink monster(s)
  5481 | D:5      | Killed Crazy Yiuf
  5482 | D:5      | Reached skill level 1 in Polearms
  5603 | D:7      | Reached skill level 2 in Polearms
  5642 | D:7      | XOM: stat loss: -2 Int (9/11)
  5709 | D:7      | Reached skill level 3 in Polearms
  5710 | D:7      | Reached XP level 9. HP: 13/65 MP: 9/9
  5973 | D:7      | Found a broken altar of Ashenzari.
  5987 | D:7      | Reached ** piety under Hepliaklqana
  5989 | D:7      | Remembered your ancestor Septimus as a battlemage
  6204 | D:7      | Reached skill level 4 in Polearms
  6322 | D:7      | XOM: summons 1 hostile demon
  6548 | D:8      | XOM: noise
  6567 | D:8      | XOM: 3-stop teleportation journey
  6676 | D:8      | Found an ornate altar of the Wu Jian Council.
  6716 | D:8      | Reached *** piety under Hepliaklqana
  6720 | D:8      | Reached skill level 5 in Polearms
  6756 | D:8      | Found a staircase to the Lair.
  6756 | D:8      | Noticed an elephant
  6763 | D:8      | Reached skill level 6 in Polearms
  6768 | D:8      | Killed an elephant
  6769 | D:8      | Reached skill level 7 in Polearms
  6895 | D:8      | XOM: god gift: clear potion {god gift}
  7080 | D:8      | Reached skill level 8 in Polearms
  7457 | D:9      | XOM: noise
  7635 | D:9      | XOM: god gift: scroll labelled RUOJINI ZAMERGH {god gift}
  7650 | D:9      | Reached skill level 9 in Polearms
  7650 | D:9      | Reached XP level 10. HP: 69/74 MP: 10/10
  7774 | D:9      | Noticed Villanelle's ghost (novice SpFE)
  8063 | D:9      | Found a transporter.
  8067 | D:9      | Found a transporter.
  8112 | D:9      | XOM: noise
  8154 | D:9      | Noticed an eight-headed hydra
  8173 | D:9      | Found a bloodstained altar of Trog.
  8176 | D:10     | Entered Level 10 of the Dungeon
  8249 | D:10     | XOM: cloud trail
  8403 | D:10     | Reached skill level 10 in Polearms
  8409 | D:10     | Noticed Nergalle
  8458 | D:9      | HP: 1/74 [eight-headed hydra (3)]
  8458 | D:9      | Mangled by an eight-headed hydra

Illustrated notes

Levels and vault maps discovered:
D:1:      scummos_arrival_simple_crosswalls, layout_loops_ring,
          hellmonk_ecumenical_altar_lost_god
D:2:      layout_rooms
D:3:      layout_basic, grunt_ministairs_11
D:4:      layout_rooms, led_sif_book, minmay_temple_entry_arrows
D:5:      layout_rooms, nicolae_tso_besieged_by_evil,
          nicolae_yredelemnul_corpse_copse, serial_aquarium,
          aquarium_bridge_square [aquarium_subvault_wall,
          aquarium_subvault_window, aquarium_subvault_bridge,
          aquarium_subvault_bridge], aquarium_window_corridor_3,
          aquarium_window_1, aquarium_view_2b, uniq_crazy_yiuf_cottage,
          uniq_sigmund
D:6:      layout_gridville, doesnt_xom_only_xom, nicolae_elyvilon_temple_path,
          uniq_edmund
D:7:      layout_basic, mainiacjoe_overflow_small_starburst
D:8:      layout_gridville, nzn_wu_jian_contemplation, david_lair_generic
D:9:      minmay_the_grid_octo_2x2 [minmay_the_grid_octo_focus,
          minmay_the_grid_octo_tetromino_candy, minmay_the_grid_octo_clover_2,
          minmay_the_grid_octo_prize_square_snowflake], layout_loops_ring,
          grunt_temple_overflow_open, gammafunk_ghost_hive, uniq_erolcha
D:10:     minmay_goldmine, layout_cave_pods, minmay_misc_feat_secret_circle,
          uniq_fannar, uniq_nergalle
Temple:   compressed_dpeg_triangle_lava_temple

Skill      XL: |  1  2  3  4  5  6  7  8  9 10 |
---------------+-------------------------------+-----
Axes           | 3 4 5 6 7 |  7.8
Fighting       | 4 5 6 7 9 |  9.6
Polearms       | 3 9 10 | 10.2
Armour         | |  1.5
Dodging        | |  0.7

Action                   |  1- 3 |  4- 6 |  7- 9 | 10-12 || total
-------------------------+-------+-------+-------+-------++-------
Melee: Hand axe          |    93 |    67 |       |       ||   160
       Punch             |     1 |       |     3 |       ||     4
       War axe           |       |    26 |       |       ||    26
       Shillelagh        |       |    21 |   144 |    33 ||   198
Invok: Recall Ancestor   |       |       |     3 |       ||     3
       Ancestor Life: Ba |       |       |     1 |       ||     1
Evoke: Piece from Xom's  |     1 |       |       |       ||     1
       Wand              |       |     1 |     1 |     3 ||     5
  Use: Scroll            |       |     8 |     3 |     2 ||    13
 Stab: Paralysed         |       |     1 |       |       ||     1
Armor: Leather armour    |     6 |       |       |       ||     6
       Scale mail        |    59 |    70 |    58 |    26 ||   213
Dodge: Dodged            |    66 |    50 |    72 |    26 ||   214
